 Dungeon Crawl Stone Soup version 0.19.0-24-gb05acd6 (webtiles) character file.

137 Leibowitz the Sneak (level 4, 0/33 HPs)
             Began as a Demigod Enchanter on Nov 22, 2016.
             Slain by bapx's ghost (9 damage)
             ... on level 3 of the Dungeon.
             The game lasted 00:06:59 (2848 turns).

Leibowitz the Sneak (Demigod Enchanter)             Turns: 2848, Time: 00:07:00

Health: 0/33       AC:  3    Str: 14    XL:     4   Next: 69%
Magic:  6/19       EV: 13    Int: 21    God:
Gold:   79         SH:  0    Dex: 16    Spells: 3 memorised, 2 levels left

rFire  . . .     SeeInvis .     a - +1 dagger
rCold  . . .     Gourm    .     t - +1 robe
rNeg   . . .     Faith    .     (no shield)
rPois  .         Spirit   .     (no helmet)
rElec  .         Reflect  .     (no cloak)
rCorr  .         Harm     .     (no gloves)
MR     .....                    (no boots)
Stlth  ++........               (no amulet)
                                q - ring of magical power
                                l - +3 ring of strength

@: very slightly contaminated
A: high mp 1
a: no special abilities


You were on level 3 of the Dungeon.
You were not hungry.

You visited 1 branch of the dungeon, and saw 3 of its levels.

You collected 79 gold pieces.

Inventory:

Hand Weapons
 a - a +1 dagger (weapon)
 b - a +0 blowgun
Missiles
 u - 7 poisoned needles
Armour
 t - a +1 robe (worn)
Jewellery
 l - a +3 ring of strength (left hand)
 p - an uncursed ring of protection from fire
 q - a ring of magical power (right hand)
Scrolls
 e - a scroll of teleportation {unknown}
 h - 6 scrolls of identify {unknown}
 i - 5 scrolls of enchant armour {unknown}
 j - 2 scrolls of remove curse {unknown}
 r - a scroll of recharging {unknown}
Potions
 g - a potion of curing {unknown}
 k - a potion of beneficial mutation {unknown}
 m - a potion of might {unknown}
 o - a potion of haste
 s - a potion of agility {unknown}
Books
 c - a book of Maledictions

   Spells                             Type                      Level
   a - Corona                         Hexes                        1
   b - Ensorcelled Hibernation        Hexes/Ice                    2
   c - Confuse                        Hexes                        3
   d - Tukima's Dance                 Hexes                        3
   e - Dazzling Spray                 Conjuration/Hexes            3
Comestibles
 d - 3 bread rations
 f - 2 fruits
 n - 2 meat rations


   Skills:
 + Level 0.1 Fighting
 + Level 1.4 Short Blades
 + Level 2.5 Dodging
 + Level 3.4 Stealth
 * Level 2.7 Spellcasting
 + Level 3.1 Hexes
 + Level 0.6 Ice Magic


You had 2 spell levels left.
You knew the following spells:

 Your Spells              Type           Power        Failure   Level  Hunger
a - Corona                Hex            ###....      4%          1    None
b - Ensorcelled Hibernat  Hex/Ice        ##....       12%         2    ##.....
c - Confuse               Hex            ###.....     14%         3    ###....


Dungeon Overview and Level Annotations

Branches:
Dungeon (3/15)

Annotations:
D:3 bapx's ghost, amateur MfGl


Innate Abilities, Weirdness & Mutations

You have an increased reservoir of magic. (+10% MP)


Message History

Bapx's ghost is severely damaged.
Bapx's ghost hits you!
You barely miss bapx's ghost.
Bapx's ghost is severely damaged.
Bapx's ghost hits you!
* * * LOW HITPOINT WARNING * * *
You hit bapx's ghost.
Bapx's ghost is severely damaged.
You hit bapx's ghost but do no damage.
Bapx's ghost is severely damaged.
Bapx's ghost seems less confused.
Bapx's ghost barely misses you.
You barely miss bapx's ghost.
Bapx's ghost is severely damaged.
Bapx's ghost barely misses you.
You hit bapx's ghost but do no damage.
Bapx's ghost is severely damaged.
Bapx's ghost barely misses you.
There is an escape hatch in the ceiling, spattered with blood here.
Bapx's ghost hits you!
You die...

...# ##.........##.#
...## ####...#####.#
....# ##_## #.# ..#.##.
###.. #.# ..#.#
.......... #.# ....#
#..# ##..###.#
....###.####.....#.#
#>........##.....W.##
##...#....##....@#..###
#.#......##.....#....#
##.#...##........#.##..#
≈#..#.......######.# ##
≈##.#...##.## #.#
≈......s#..### #.#
≈.#..........# #.#
≈##..........#####.#
....)............#.#


You could see bapx's ghost.

Vanquished Creatures
  A howler monkey (D:2)
  3 adders (D:2)
  2 oozes
  3 worms (D:2)
  A dart slug (D:1)
  4 leopard geckos
  9 bats
  A giant cockroach (D:2)
  8 hobgoblins
  3 frilled lizards
  3 goblins
  11 kobolds
  3 rats
52 creatures vanquished.

Notes
Turn   | Place    | Note
-------+----------+-------------------------------------------
     0 | D:1      | Leibowitz the Demigod Enchanter began the quest for the Orb.
     0 | D:1      | Reached XP level 1. HP: 14/14 MP: 5/5
   675 | D:1      | Reached XP level 2. HP: 17/20 MP: 7/7
   679 | D:1      | Learned a level 2 spell: Ensorcelled Hibernation
   799 | D:1      | Reached skill level 1 in Short Blades
  1106 | D:2      | Reached XP level 3. HP: 25/26 MP: 6/8
  1505 | D:2      | Learned a level 3 spell: Confuse
  1883 | D:2      | Reached XP level 4. HP: 9/33 MP: 10/10
  2540 | D:3      | Noticed bapx's ghost (amateur MfGl)
  2667 | D:3      | Found a faded altar of an unknown god.
  2667 | D:3      | Found a faded altar of an unknown god.
  2672 | D:3      | Found a basalt altar of Yredelemnul.
  2674 | D:3      | Found a faded altar of an unknown god.
  2675 | D:3      | Found a faded altar of an unknown god.
  2848 | D:3      | Slain by bapx's ghost

Skill      XL: |  1  2  3 |
---------------+----------+-----
Dodging        | 2 |  2.5
Short Blades   | 1 |  1.4
Stealth        | 3 |  3.4
Hexes          | 3 |  3.1
Spellcasting   | 2 |  2.7
Fighting       | |  0.1
Ice Magic      | |  0.6

Action                   |  1- 3 |  4- 6 || total
-------------------------+-------+-------++-------
Melee: Dagger            |   169 |    52 ||   221
 Cast: Ensorcelled Hiber |    17 |     2 ||    19
       Confuse           |       |     8 ||     8
 Stab: Sleeping          |    15 |     3 ||    18
       Confused          |       |     2 ||     2
       Distracted        |       |     1 ||     1
  Eat: Chunk             |     4 |     4 ||     8
Armor: Robe              |    32 |    12 ||    44
Dodge: Dodged            |   114 |    40 ||   154
